 Dungeon Crawl Stone Soup version 0.32-a0-913-g739538a (webtiles) character file.

Game seed: 17612699081252885699

24 Dorkslayer the Shield-Bearer (level 2, -3/26 HPs)
             Began as a Mountain Dwarf Fighter on Apr 8, 2024.
             Slain by a quokka (4 damage)
             ... on level 1 of the Dungeon.
             The game lasted 00:00:33 (181 turns).

Dorkslayer the Shield-Bearer (MDFi)                  Turns: 181, Time: 00:00:34

Health: -3/26      AC:  6    Str: 18    XL:     2   Next: 79%
Magic:  2/2        EV:  8    Int:  8    God:
Gold:   29         SH:  4    Dex:  9    Spells: 1/1 levels left

rFire   . . .        a - +0 war axe
rCold   . . .        c - +0 buckler
rNeg    . . .        b - +0 scale mail
rPois   .            (no helmet)
rElec   .            (no cloak)
rCorr   .            (no gloves)
SInv    .            (no boots)
Will    .....        (no amulet) Stlth
                     (no ring)
HPRegen 0.24/turn    (no ring)
MPRegen 0.08/turn

%: no passive effects
@: no status effects
A: runic magic, artefact enchanting
a: no special abilities


You were on level 1 of the Dungeon.
You visited 1 branch of the dungeon, and saw 1 of its levels.

You collected 29 gold pieces.

Inventory:

Hand Weapons
 a - a +0 war axe (weapon)
Armour
 b - a +0 scale mail (worn)
 c - a +0 buckler (worn)
Scrolls
 e - a scroll of enchant weapon {unknown}
 f - a scroll of poison {unknown}
Potions
 d - 2 potions of might


   Skills:
 + Level 3.4 Fighting
 + Level 2.6 Axes
 + Level 3.6 Armour
 * Level 0.3 Dodging
 + Level 3.7 Shields


You had one spell level left.
You didn't know any spells.
Your spell library was empty.

Dungeon Overview and Level Annotations

Branches:
Dungeon (1/15)

Altars:


Innate Abilities, Weirdness & Mutations

Your spellcasting is much less encumbered by armour.
You can use scrolls of enchantment on lesser artefacts.


Message History

You barely miss the frilled lizard.
The frilled lizard bites you but does no damage.
The quokka bites you but does no damage.
You hit the frilled lizard.
The frilled lizard is heavily wounded.
You barely miss the quokka.
The quokka bites you but does no damage.
You block the frilled lizard's attack. You block the quokka's attack.
The frilled lizard barely misses you.
You miss the frilled lizard. You barely miss the quokka.
The quokka closely misses you.
The frilled lizard bites you but does no damage.
The quokka bites you but does no damage.
You closely miss the frilled lizard. You hit the quokka.
The frilled lizard bites you but does no damage.
The quokka bites you.
The frilled lizard bites you but does no damage.
You hit the quokka but do no damage.
The quokka is severely wounded.
You hit the frilled lizard.
The quokka bites you but does no damage.
The quokka bites you.
The frilled lizard bites you but does no damage.
You hit the quokka but do no damage.
The quokka is severely wounded.
You slash the frilled lizard!
You kill the frilled lizard!
The quokka bites you.
* * * LOW HITPOINT WARNING * * *
The quokka bites you.
* * * LOW HITPOINT WARNING * * *
You barely miss the quokka.
The quokka is severely wounded.
The quokka bites you.
* * * LOW HITPOINT WARNING * * *
You closely miss the quokka.
The quokka is severely wounded.
The quokka bites you but does no damage.
The quokka bites you.
You die...

###.#...#..#.#. #..#
...........#.#. #..#
.####........#.##..########
.# #..#............)....$#
.# #.............†.)...#. #
#..#.#.###.)..♣♣♣...#
#............♣# ♣..# ..
.....###..♣ ..# ##.##. ..#
#.@♣ .# #.r.♣ # .......
###.#..#.# #. ... .. ..
.... #. ## #.### .#


You could see a quokka.

Vanquished Creatures
  A dart slug (D:1)
  2 bats (D:1)
  An endoplasm (D:1)
  A giant cockroach (D:1)
  A goblin (D:1)
  2 hobgoblins (D:1)
  4 jackals (D:1)
  3 kobolds (D:1)
  A quokka (D:1)
  A ball python (D:1)
  A frilled lizard (D:1)
18 creatures vanquished.

Notes
Turn   | Place    | Note
-------+----------+-------------------------------------------
     0 | D:1      | Dorkslayer the Mountain Dwarf Fighter began the quest for
                  | the Orb.
     0 | D:1      | Reached XP level 1. HP: 19/19 MP: 1/1
   111 | D:1      | Reached XP level 2. HP: 26/26 MP: 2/2
   180 | D:1      | HP: 1/26 [quokka (3)]
   181 | D:1      | Slain by a quokka

Illustrated notes

Levels and vault maps discovered:
D:1:      ldierk_walled_garden, layout_loops_ring, minmay_stone_trees_small

Action                     || total
---------------------------++-------
  Melee: War axe           ||    42
 Armour: Scale mail        ||    50
  Dodge: Dodged            ||    31
  Block: Buckler           ||    17

Table legend: (Time is in decaauts)
 A = Elapsed time spent in this place.
 B = Non-inter-level travel time spent in this place.
 C = Inter-level travel time spent in this place.
 D = Time resting spent in this place.
 E = Time spent auto-exploring this place.
 F = Levels seen in this place.
 G = Mean time per level.
                   A        B        C        D        E       F      G
               +--------+--------+--------+--------+--------+-----+--------+
         Total |    198 |    198 |      0 |      0 |     62 |   1 |  198.0 |
       Dungeon |    198 |    198 |      0 |      0 |     62 |   1 |  198.0 |
               +--------+--------+--------+--------+--------+-----+--------+

Top non-repeatable levels by time:
     D:1: 198 daAuts
